 Dungeon Crawl Stone Soup version 0.27.0-1-g7a089689b8 (webtiles) character file.

Game seed: 15444765318483638110

39 avis the Scratcher (level 3, 0/24 HPs)
             Began as a Felid Warper on Aug 6, 2021.
             Slain by an adder (3 damage)
             ... on level 3 of the Dungeon.
             The game lasted 00:13:45 (3805 turns).

avis the Scratcher (Felid Warper)                   Turns: 3805, Time: 00:13:46

Health: 0/24       AC: 21    Str:  8    XL:     3   Next: 26%
Magic:  7/7        EV:  4    Int: 14    God:
Gold:   93         SH:  0    Dex: 15    Spells: 4/6 levels left
                                        Lives:  0   Deaths: 1

rFire    . . .     SeeInvis +     - Unarmed
rCold    . . .     Faith    .   (shield unavailable)
rNeg     + + +     Spirit   .   (armour unavailable)
rPois    +         Reflect  .   (helmet unavailable)
rElec    .         Harm     .   (cloak unavailable)
rCorr    .         Rampage  .   (gloves unavailable)
Will     .....     NoTele   +   (boots unavailable)
Stlth    +.........             (no amulet)
HPRegen  0.08/turn              (no ring)
MPRegen  0.10/turn              (no ring)

@: lethally poisoned (0 -> -2), tree-form
A: stationary, stasis, torment immunity, boosted hp, very small, (claws 1),
(fangs 3), see invisible, (speed 1), (shaggy fur 1), (stealthy paws), no weapons
or thrown items, no armour, multi-lived
a: no special abilities


You were on level 3 of the Dungeon.
You were a tree.
You visited 1 branch of the dungeon, and saw 3 of its levels.

You collected 93 gold pieces.

Inventory:

Missiles
 j - 9 arrows
Jewellery
 g - an amulet of magic regeneration
Scrolls
 a - a scroll of blinking
 d - 3 scrolls of identify {unknown}
 f - 2 scrolls of teleportation {unknown}
 i - 2 scrolls of magic mapping {unknown}
 k - a scroll of enchant weapon {unknown}
 l - a scroll of amnesia {unknown}
Potions
 b - a potion of resistance {unknown}
 c - a potion of lignification
 e - a potion of heal wounds {unknown}
 h - a potion of haste {unknown}


   Skills:
 - Level 2.0 Fighting
 - Level 3.2 Dodging
 * Level 4.5 Unarmed Combat
 - Level 2.0 Spellcasting
 - Level 4.4 Translocations


You had 4 spell levels left.
You knew the following spells:

 Your Spells              Type           Power      Damage    Failure   Level
b - Blink                 Tloc           N/A        N/A       6%          2

Your spell library contained the following spells:

 Spells                   Type           Power      Damage    Failure   Level
 Gell's Gravitas          Tloc           6%         N/A       12%         3
 Lesser Beckoning         Tloc           6%         N/A       12%         3
 Teleport Other           Tloc           13%        N/A       12%         3
 Beastly Appendage        Tmut           2%         N/A       24%         1
 Wereblood                Tmut           1%         N/A       34%         2
 Spider Form              Tmut/Pois      0%         N/A       56%         3
 Manifold Assault         Tloc           13%        N/A       73%         5


Dungeon Overview and Level Annotations

Branches:
Dungeon (3/15)

Altars:

Shops:
D:2 (


Innate Abilities, Weirdness & Mutations

You are a tree.
Your roots penetrate the ground, keeping you stationary.
You cannot be teleported.
You are immune to unholy pain and torment.
Your maximum health is greatly increased.
((You have sharp claws.))
((You have razor-sharp teeth.))
You have supernaturally acute eyesight. (SInv)
((You cover ground quickly. (Speed+)))
((You are covered in fur. (AC +1)))
((Your paws help you pounce on unaware monsters.))
You are incapable of wielding weapons or throwing items.
You cannot wear armour.
You gain extra lives every three experience levels.


Message History

The adder is moderately wounded.
The adder barely misses you.
You miss the adder.
The adder is moderately wounded.
The adder closely misses you.
You closely miss the adder. Your bite misses the adder.
The adder is moderately wounded.
The adder misses you. x2
You scratch the adder.
The adder is heavily wounded.
The adder barely misses you.
You miss the adder.
The adder is heavily wounded.
The adder closely misses you.
You scratch the adder but do no damage.
The adder is heavily wounded.
The adder bites you.
You are poisoned.
The adder poisons you!
You scratch the adder.
The adder is almost dead.
You feel sick. The adder bites you.
You scratch the adder but do no damage.
The adder is almost dead.
You feel sick. The adder bites you. The adder completely misses you.
You closely miss the adder. Your claw misses the adder.
Your bite misses the adder.
The adder is almost dead.
* * * LOW HITPOINT WARNING * * *
You feel sick. The adder bites you.
* * * LOW HITPOINT WARNING * * *
You closely miss the adder.
The adder is almost dead.
* * * LOW HITPOINT WARNING * * *
You feel sick. The adder completely misses you.
It was a potion of lignification.
You turn into a tree.
Your roots penetrate the ground.
* * * LOW HITPOINT WARNING * * *
You feel sick. The adder bites you.
You die...

#.##....................
..........................
.#.#.#'#####.............
......#......#####........
...#..###.# #........ .
..#..# #.# #........ ...
#.#..# #.# #........
#...#.#..###.#####........
#.......S♣............####
#.#.#.###..###############
#......... .....
#####..#### ##### #... #
#.### # ... # #.#


You could see an adder.

Vanquished Creatures
  A hound skeleton (D:2)
  An adder (D:3)
  A worm (D:1)
  A dart slug (D:3)
  An orc (D:3)
  6 ball pythons
  A bat (D:3)
  5 endoplasms
  A goblin (D:1)
  7 hobgoblins
  13 jackals
  A quokka (D:1)
  2 frilled lizards (D:1)
  3 kobolds
  2 rats (D:1)
46 creatures vanquished.

Vanquished Creatures (others)
  8 plants (D:2)
8 creatures vanquished.

Grand Total: 54 creatures vanquished

Notes
Turn   | Place    | Note
-------+----------+-------------------------------------------
     0 | D:1      | avis the Felid Warper began the quest for the Orb.
     0 | D:1      | Reached XP level 1. HP: 9/9 MP: 4/4
   479 | D:1      | Reached XP level 2. HP: 13/13 MP: 6/6
  1371 | D:1      | Reached XP level 3. HP: 13/16 MP: 7/7
  1776 | D:1      | Learned a level 2 spell: Blink
  2628 | D:2      | Found Jeokhlo's Antique Weapon Boutique.
  2884 | D:2      | Found a faded altar of an unknown god.
  3256 | D:3      | Reached XP level 4. HP: 12/19 MP: 8/8
  3524 | D:3      | Slain by an orc
  3525 | D:3      | Reached XP level 3. HP: 0/16 MP: 7/7
  3805 | D:3      | Slain by an adder

Illustrated notes

Levels and vault maps discovered:
D:1:      minmay_arrival_stair_chambers, layout_basic, minmay_tree_intersection
D:2:      layout_loops_ring, serial_shops, nicolae_diamond_shop,
          dilly_ecumenical_altar_fadedgnrine
D:3:      layout_basic

Skill      XL: |  1  2  3 |
---------------+----------+-----
Unarmed Combat | 3 4 |  4.5
Fighting       | |  2.0
Dodging        | |  3.2
Spellcasting   | |  2.0
Translocations | |  4.4

Action                   |  1- 3 |  4- 6 || total
-------------------------+-------+-------++-------
Melee: Unarmed           |   158 |    18 ||   176
       Bite              |    14 |     1 ||    15
       Punch             |     2 |       ||     2
  Use: Potion            |     1 |       ||     1
 Stab: Sleeping          |     1 |       ||     1
Armor: Skin              |     3 |       ||     3
Dodge: Dodged            |   104 |    12 ||   116
